 Dungeon Crawl Stone Soup version 0.28-a0-474-g535839065c (webtiles) character file.

Game seed: 15828133728970241596

31 spiderkeys the Skirmisher (level 3, -9/26 HPs)
             Began as an Octopode Abyssal Knight on Sept 16, 2021.
             Was a Follower of Lugonu.
             Mangled by a small abomination (20 damage)
             ... on level 3 of the Abyss.
             The game lasted 00:01:28 (349 turns).

spiderkeys the Skirmisher (Octopode Abyssal Knight)  Turns: 349, Time: 00:01:28

Health: -9/26      AC:  1    Str: 12    XL:     3   Next: 22%
Magic:  4/4        EV: 13    Int: 14    God:    Lugonu [*.....]
Gold:   109        SH:  0    Dex: 11    Spells: 2/2 levels left

rFire   . . .      SeeInvis .   a - +1 spear
rCold   . . .      Faith    .   (no shield)
rNeg    . . .      Spirit   .   (helmet restricted)
rPois   .          Reflect  .   (no amulet)
rElec   .          Harm     .   (no ring)
rCorr   .          Rampage  .   (no ring)
Will    .....                   (no ring)
Stlth   ++........              (no ring)
HPRegen 0.08/turn               (no ring)
MPRegen 0.09/turn               (no ring)
                                (no ring)
                                (no ring)

@: no status effects
A: almost no armour, amphibious, 8 rings, camouflage 1, gelatinous body 1,
(nimble swimmer 1), tentacles
a: Renounce Religion, Depart the Abyss


You were on level 3 of the Abyss.
You worshipped Lugonu.
Lugonu was aware of your devotion.
You visited 0 branches of the dungeon, and saw 0 of its levels.
You visited the Abyss 1 time.

You collected 109 gold pieces.


Innate Abilities, Weirdness & Mutations

You cannot wear most types of armour.
You are amphibious.
You can wear up to eight rings at the same time.
Your skin changes colour to match your surroundings (Stealth+).
Your rubbery body absorbs attacks. (AC +1, EV +1)
((You are camouflaged near water. (Stealth+)))
You have tentacles for arms and can constrict up to eight enemies at once.


   Skills:
 + Level 3.3 Fighting
 + Level 2.4 Polearms
 + Level 2.7 Dodging
 + Level 2.5 Invocations


You had 2 spell levels left.
You didn't know any spells.
Your spell library was empty.

Inventory:

Hand Weapons
 a - a +1 spear (weapon)
Missiles
 b - 17 stones
Scrolls
 e - a scroll of enchant armour
Potions
 c - 2 potions of heal wounds {@q2}

Dungeon Overview and Level Annotations

Branches:
Dungeon (0/15)

Altars:

# ##.# #..
.#.## #..#
....## .#.# #
...#.#... #.#
.. ....
...#.##.#
#..#..##
#.@x#.#
##..#.#
#.###.### #.
#.#).######
.#####.##..#.
#. #......##
.###
#...#..###.#.
#.####
.....#. #.
..#....
.....#
#..#... ..


You could see a small abomination.


Message History

🤖 Initializing magus.rc ...
Options error: Delay interrupt name "hungry" not recognised. (~/.crawlrc:4988) ✅ Successfully initialized magus.rc [v1.9.10] Welcome, spiderkeys the Octopode Abyssal Knight.
Will you be the one to retrieve the fabulous Orb of Zot from the depths?
Lugonu says: Depart the Abyss and spread corruption, my servant! (use the ability menu to exit the Abyss) Press ? for a list of commands and other information.
Found a spear.
Found a corrupted altar of Lugonu.
Found a gateway leading out of the Abyss.
You see here a +0 rapier.
You now have 9 gold pieces.
b - 17 stones You now have 22 gold pieces (gained 13).
Found a gateway leading out of the Abyss.
c - an orange potion
c - 2 orange potions (gained 1)
Found a gateway leading deeper into the Abyss.
A raiju comes into view.
Unknown command.
There is a gateway leading deeper into the Abyss here.
You see here 22 sling bullets.
You plunge deeper into the Abyss.
A quasit comes into view.
The quasit gives a chilling moan.
You see here a scroll labelled ACOUDYI PAIGON.
d - a scroll labelled ACOUDYI PAIGON
As you read the scroll labelled ACOUDYI PAIGON, it crumbles to dust.
It is a scroll of identify.
c - 2 potions of heal wounds The quasit barely misses you.
The quasit completely misses you. The quasit claws you. 😕 HP[-1]
You take 1 damage, and now have 15/16 hp.
You hit the quasit. Your grab misses the quasit.
Your squeeze misses the quasit.
The quasit bites you but does no damage.
The quasit claws you but does no damage.
The quasit closely misses you.
You hit the quasit. You grab the quasit. You squeeze the quasit!
You kill the quasit!
You have reached level 2!
You have reached level 3!
Your experience leads to an increase in your attributes!
Increase (S)trength, (I)ntelligence, or (D)exterity?
You feel stronger. 😕 HP[+9] MP[+2]
You now have 26 max hp (+10).
You regained 9 hp, and now have 24/26 hp.
Your mp is fully restored (4).
Unknown command.
The substance of the Abyss twists violently, and a gateway leading out appears!
There is a gateway leading out of the Abyss here. 😕 HP[+1]
Found a corrupted altar of Lugonu.
d - a scroll labelled CEON UNTUTTY
As you read the scroll labelled CEON UNTUTTY, it crumbles to dust.
It is a scroll of amnesia.
You feel forgetful for a moment. 😎 HP[+1]
Your hp is fully restored (26).
Found a gateway leading deeper into the Abyss.
A large abomination comes into view.
There is a gateway leading deeper into the Abyss here.
You plunge deeper into the Abyss.
The abyssal rune of Zot can be found at this depth.
You now have 78 gold pieces (gained 56).
d - a scroll of identify {@r1}
e - a scroll labelled TURHULUI ZOLO
As you read the scroll of identify {@r1}, it crumbles to dust.
e - a scroll of enchant armour You now have 109 gold pieces (gained 31).
Found a gateway leading deeper into the Abyss.
A small abomination comes into view.
You are suddenly pulled into a different region of the Abyss!
You see here a +0 shortbow.
The small abomination completely misses you.
Found a gateway leading deeper into the Abyss.
The small abomination hits you! 😮 HP[-12]
You take 12 damage, and now have 14/26 hp.
MASSIVE DAMAGE!! (PAUSE)
The small abomination hits you.
* * * LOW HITPOINT WARNING * * *
😨 HP[-3]
You take 3 damage, and now have 11/26 hp.
There is a gateway leading deeper into the Abyss here.
The small abomination hits you!!
Ouch! That really hurt!
You die...

Action                   || total
-------------------------++-------
Melee: Spear             ||     2
       Constrict         ||     1
       Tentacles         ||     1
  Use: Scroll            ||     3
Armor: Skin              ||     2
Dodge: Dodged            ||     4

Levels and vault maps discovered:
Abyss:3:  base: Temple, hangedman_abyss_rune_macabre_mess

Notes
Turn   | Place    | Note
-------+----------+-------------------------------------------
     0 | Abyss:1  | spiderkeys the Octopode Abyssal Knight began the quest for
                  | the Orb.
     0 | Abyss:1  | Reached XP level 1. HP: 16/16 MP: 2/2
     0 | Abyss:1  | magus.rc [v1.9.10]
   184 | Abyss:1  | Noticed a raiju
   189 | Abyss:2  | Noticed a deep troll
   189 | Abyss:2  | a glowing shapeshifter changed into a deep troll
   189 | Abyss:2  | Noticed a thrashing horror
   189 | Abyss:2  | Noticed a raiju
   189 | Abyss:2  | Noticed an Executioner
   198 | Abyss:2  | Noticed a quasit
   203 | Abyss:2  | Killed a quasit
   204 | Abyss:2  | Reached XP level 2. HP: 19/21 MP: 3/3
   204 | Abyss:2  | Reached XP level 3. HP: 24/26 MP: 4/4
   209 | Abyss:2  | Found a corrupted altar of Lugonu.
   243 | Abyss:2  | Noticed a large abomination
   336 | Abyss:3  | Noticed a small abomination
   349 | Abyss:3  | Mangled by a small abomination

Vanquished Creatures
  A quasit (Abyss:2)
1 creature vanquished.

Table legend:
 A = Non-vault XP
 B = Vault XP
 C = Vault XP percentage of total XP
 D = Non-vault monster count
 E = Vault monster count
 F = Vault count percentage of total count
                 A         B        C        D         E       F
            +---------+---------+-------+---------+---------+-------
      Total |      45 |       0 |   0.0 |       1 |       0 |   0.0
            +---------+---------+-------+---------+---------+-------
    Abyss:2 |      45 |       0 |   0.0 |       1 |       0 |   0.0
            +---------+---------+-------+---------+---------+-------

Illustrated notes

Table legend:
 A = Kills in this place as a percentage of kills in entire the game.
 B = Kills by you in this place as a percentage of kills by you in the entire game.
 C = Kills by friends in this place as a percentage of kills by friends in the entire game.
 D = Other kills in this place as a percentage of other kills in the entire game.
 E = Experience gained in this place as a percentage of experience gained in the entire game.
 F = Experience gained in this place divided by the number of levels of this place that you have seen.
                   A       B       C       D       E      F
               +-------+-------+-------+-------+-------+----------------------
         Total | 100.0 | 100.0 |   N/A |   N/A | 100.0 |  15.0
         Abyss | 100.0 | 100.0 |   N/A |   N/A | 100.0 |  15.0
               +-------+-------+-------+-------+-------+----------------------

Table legend: (Time is in decaauts)
 A = Elapsed time spent in this place.
 B = Non-inter-level travel time spent in this place.
 C = Inter-level travel time spent in this place.
 D = Time resting spent in this place.
 E = Time spent auto-exploring this place.
 F = Levels seen in this place.
 G = Mean time per level.
                   A        B        C        D        E       F      G
               +--------+--------+--------+--------+--------+-----+--------+
         Total |    348 |    348 |      0 |      0 |    181 |   3 |  116.0 |
         Abyss |    348 |    348 |      0 |      0 |    181 |   3 |  116.0 |
               +--------+--------+--------+--------+--------+-----+--------+

Top non-repeatable levels by time:
 Abyss:1: 189 daAuts
 Abyss:3: 92 daAuts
 Abyss:2: 66 daAuts
